 Dungeon Crawl Stone Soup version 0.28-a0-1447-ga5a8893891 (webtiles) character file.

Game seed: 12948465942025465051

35 oldriver the Skirmisher (level 3, -2/30 HPs)
             Began as a Formicid Chaos Knight on Jan 11, 2022.
             Was a Plaything of Xom.
             Killed from afar by Natasha (11 damage)
             ... with a magic dart
             ... on level 2 of the Dungeon.
             The game lasted 00:00:45 (612 turns).

oldriver the Skirmisher (Formicid Chaos Knight)      Turns: 612, Time: 00:00:47

Health: -2/30      AC:  5    Str: 18    XL:     3   Next: 52%
Magic:  3/3        EV: 11    Int: 11    God:    Xom [..*...]
Gold:   46         SH:  0    Dex: 10    Spells: 2/2 levels left

rFire   + . .      SeeInvis +   a - +0 hand axe (chaos)
rCold   . . .      Faith    .   (no shield)
rNeg    . . .      Spirit   .   b - +2 leather armour
rPois   .          Reflect  .   (helmet unavailable)
rElec   .          Harm     .   (no cloak)
rCorr   .          Rampage  .   (no gloves)
Will    .....                   (no boots)
Stlth   +.........              d - amulet of magic regeneration
HPRegen 0.10/turn               c - ring of protection from fire
MPRegen 0.48/turn               (no ring)

@: no status effects
A: permanent stasis, dig shafts and tunnels, antennae 3, four strong arms
a: Dig, Shaft Self, Renounce Religion


You were on level 2 of the Dungeon.
You worshipped Xom.
You were a toy of Xom.
You visited 1 branch of the dungeon, and saw 2 of its levels.

You collected 46 gold pieces.

Inventory:

Hand Weapons
 a - a +0 hand axe of chaos (weapon)
Armour
 b - a +2 leather armour (worn)
Jewellery
 c - a ring of protection from fire (left hand)
 d - an amulet of magic regeneration (around neck)
Scrolls
 f - a scroll of silence {unknown}
Potions
 e - a potion of brilliance {unknown}


   Skills:
 + Level 3.8 Fighting
 + Level 3.4 Axes
 - Level 2.1 Armour
 + Level 1.7 Dodging


You had 2 spell levels left.
You didn't know any spells.
Your spell library was empty.

Dungeon Overview and Level Annotations

Branches:
Dungeon (2/15)

Altars:

Annotations:
D:2 Natasha


Innate Abilities, Weirdness & Mutations

You cannot be hasted, slowed, berserked, paralysed or teleported.
You can dig through walls and to a lower floor.
You have a pair of large antennae on your head. (SInv)
Your four strong arms can wield two-handed weapons with a shield.


Message History

Natasha is heavily wounded.
You closely miss the crimson imp. The crimson imp closely misses you.
Natasha claws you but does no damage.
The crimson imp blinks!
You hit Natasha but do no damage.
Natasha is heavily wounded.
You closely miss the frilled lizard. The frilled lizard bites you.
Natasha barely misses you.
The frilled lizard bites you but does no damage.
Unknown command.
You barely miss Natasha.
Natasha is heavily wounded.
You closely miss the frilled lizard. Natasha closely misses you.
The frilled lizard bites you.
You barely miss Natasha.
Natasha is heavily wounded.
You barely miss the frilled lizard. Natasha casts a spell at you.
You resist with some effort. The frilled lizard barely misses you.
Natasha claws you.
* * * LOW HITPOINT WARNING * * *
You hit Natasha but do no damage.
Natasha is moderately wounded.
You hit the frilled lizard.
You kill the frilled lizard!
Natasha completely misses you.
Unknown command.
You hit Natasha.
Natasha's magic leaks into the air.
Natasha is heavily wounded.
You closely miss the crimson imp.
The crimson imp disappears in a puff of smoke!
Natasha growls.
Natasha casts a spell at you.
Your stasis prevents you from being slowed.
You closely miss Natasha.
Natasha is heavily wounded.
Natasha's magic is no longer disrupted.
Natasha casts a spell at you. The magic dart hits you!
You die...
Xom giggles madly!

..# #.........)..# ..
#............# #.#
##.##.#'######### { ..
#..#...........# #.#
#........#####.# #.. #........#
#.# ##.##........# #.#
#.§h###..#'### #.# { #...#@#
##.#.# #.# #{..###.# #.#.# #.#
..###...## #...# #.# ###...#..#
##..# #.# #####...####.## #.>#
#.# ###.#...#'#..#..# #### #.#
###...##.##..).##.## #.#
##...#..#..#.†...#..# #.#
...####.##.##....##.###########.#


You could see Natasha.

Vanquished Creatures
  2 adders (D:2)
  A dart slug (D:2)
  A ball python (D:1)
  3 endoplasms
  3 goblins
  2 frilled lizards
  A kobold (D:2)
  2 rats (D:1)
15 creatures vanquished.

Vanquished Creatures (collateral kills)
  A bat (D:2)
1 creature vanquished.

Grand Total: 16 creatures vanquished

Notes
Turn   | Place    | Note
-------+----------+-------------------------------------------
     0 | D:1      | oldriver the Formicid Chaos Knight began the quest for the
                  | Orb.
     0 | D:1      | Reached XP level 1. HP: 18/18 MP: 1/1
    13 | D:1      | Reached skill level 1 in Dodging
    59 | D:1      | Reached XP level 2. HP: 19/24 MP: 2/2
   150 | D:1      | You fall into a shaft and drop 1 floor!
   367 | D:2      | Reached XP level 3. HP: 24/30 MP: 3/3
   546 | D:2      | XOM: noise
   585 | D:2      | Noticed Natasha
   590 | D:2      | XOM: cast spell 'Summon Ice Beast'
   612 | D:2      | Killed from afar by Natasha

Illustrated notes

Levels and vault maps discovered:
D:1:      nzn_arrival_water_spiral, layout_rooms,
          hellmonk_ecumenical_altar_inner_sanctum
D:2:      minmay_skewed_foursquare, layout_basic, uniq_natasha

Skill      XL: |  1 |
---------------+----+-----
Dodging        | 1 |  1.7
Fighting       | |  3.8
Axes           | |  3.4
Armour         | |  2.1

Action                   || total
-------------------------++-------
Melee: Hand axe          ||    67
Armor: Leather armour    ||    30
Dodge: Dodged            ||    46

Table legend: (Time is in decaauts)
 A = Elapsed time spent in this place.
 B = Non-inter-level travel time spent in this place.
 C = Inter-level travel time spent in this place.
 D = Time resting spent in this place.
 E = Time spent auto-exploring this place.
 F = Levels seen in this place.
 G = Mean time per level.
                   A        B        C        D        E       F      G
               +--------+--------+--------+--------+--------+-----+--------+
         Total |    620 |    620 |      0 |     58 |    418 |   2 |  310.0 |
       Dungeon |    620 |    620 |      0 |     58 |    418 |   2 |  310.0 |
               +--------+--------+--------+--------+--------+-----+--------+

Top non-repeatable levels by time:
     D:2: 468 daAuts
     D:1: 152 daAuts
